 Dungeon Crawl Stone Soup version 0.28.0-43-g3370ac3207 (webtiles) character file.

Game seed: 7438486523960735829

1037 pkoi the Frost Mage (level 8, -5/41 HPs)
             Began as a Deep Elf Ice Elementalist on Mar 7, 2022.
             Was a Follower of Vehumet.
             Slain by Prince Ribbit (12 damage)
             ... on level 6 of the Dungeon.
             The game lasted 00:10:10 (10247 turns).

pkoi the Frost Mage (Deep Elf Ice Elementalist)    Turns: 10247, Time: 00:10:11

Health: -5/41      AC:  3    Str:  4 (5)  XL:     8   Next: 4%
Magic:  19/19      EV: 12    Int: 22 (23) God:    Vehumet [*.....]
Gold:   200        SH:  0    Dex: 14 (15) Spells: 9/20 levels left

rFire   . . .      SeeInvis .   j - +2 trident (freeze)
rCold   . . .      Faith    .   (no shield)
rNeg    . . .      Spirit   .   a - +1 robe
rPois   .          Reflect  .   (no helmet)
rElec   .          Harm     .   (no cloak)
rCorr   .          Rampage  .   (no gloves)
Will    .....      Clarity  +   (no boots)
Stlth   ++........              (no amulet)
HPRegen 0.13/turn               (no ring)
MPRegen 0.16/turn               (no ring)

@: unable to read
A: clarity, no potion heal 1, inability to read while threatened
a: Renounce Religion


You were on level 6 of the Dungeon.
You worshipped Vehumet.
Vehumet was aware of your devotion.
You visited 1 branch of the dungeon, and saw 6 of its levels.

You collected 200 gold pieces.

Inventory:

Hand Weapons
 b - a +0 club
 d - a +2 whip of venom
 e - a +0 whip
 h - a +1 spear of venom
 j - a +2 trident of freezing (weapon)
 l - a +1 whip of flaming
Armour
 a - a +1 robe (worn)
Jewellery
 p - a ring of protection from cold
Wands
 i - a wand of digging (3)
 k - a wand of acid (9)
Scrolls
 m - 4 scrolls of identify
 n - a scroll of brand weapon
Potions
 c - a potion of cancellation
 f - 2 potions of magic
 g - 2 potions of brilliance
 o - a potion of curing


   Skills:
 - Level 2.4 Dodging
 - Level 2.4 Stealth
 + Level 6.6 Spellcasting
 + Level 4.0 Conjurations
 * Level 9.0 Ice Magic


You had 9 spell levels left.
You knew the following spells:

 Your Spells              Type           Power      Damage    Failure   Level
a - Freeze                Ice            100%       1d11      1%          1
b - Frozen Ramparts       Ice            94%        1d11      1%          3
c - Ozocubu's Armour      Ice            47%        N/A       1%          3
d - Hailstorm             Conj/Ice       36%        3d9       6%          4

Your spell library contained the following spells:

 Spells                   Type           Power      Damage    Failure   Level
 Poisonous Vapours        Pois/Air       14%        N/A       13%         2
 Slow                     Hex            28%        N/A       9%          1
 Confusing Touch          Hex            7%         N/A       26%         3
 Tukima's Dance           Hex            7%         N/A       26%         3
 Vampiric Draining        Necr           7%         2d6       26%         3
 Anguish                  Hex/Necr       3%         N/A       65%         4
 Enfeeble                 Hex            3%         N/A       100%        7


Dungeon Overview and Level Annotations

Branches:
Dungeon (6/15)             Temple (0/1) D:6

Altars:
Gozag
Makhleb
Nemelex Xobeh
Vehumet

Shops:
D:1 [

Annotations:
D:3 3 runed translucent doors, fknight's ghost, amateur HOMo
D:6 1 transporter, Prince Ribbit


Innate Abilities, Weirdness & Mutations

You possess an exceptional clarity of mind.
Potions are less effective at restoring your health.
You sometimes lose the ability to read scrolls when taking damage.


Message History

Prince Ribbit blinks!
Prince Ribbit blinks!
There is a stone staircase leading up here.
Prince Ribbit croaks regally.
The jelly hits you but does no damage.
You climb upwards.
There is a stone staircase leading down here.
Casting: Frozen Ramparts (safe; 1% risk of failure)
Confirm with . or Enter, or press ? or * to list all spells.
Casting: Frozen Ramparts (safe; 1% risk of failure)
Press: ? - help, Dir - look around, f - activate A stone staircase leading down.
The walls around you are covered in ice.
The wall freezes the jelly.
The jelly completely misses you.
Unknown command.
You hit the jelly. You freeze the jelly.
Your hands burn!
The jelly is almost dead.
The wall freezes the jelly!
You kill the jelly!
Vehumet accepts your kill.
Unknown command.
You start resting.
The frozen ramparts melt away.
You start resting.
Magic restored.
You start resting.
HP restored.
You climb downwards.
Level annotation: 1 transporter, Prince Ribbit Prince Ribbit catches a millipede with his tongue.
Prince Ribbit hits you. The lemure hits you but does no damage.
Prince Ribbit hits you!
You feel threatened and lose the ability to read scrolls!
* * * LOW HITPOINT WARNING * * *
The lemure barely misses you.
There is a stone staircase leading up, spattered with blood here.
Prince Ribbit hits you!
* * * LOW HITPOINT WARNING * * *
Prince Ribbit hits you!
You die...

#....)... #..#
#.......... #..##
#...^....... ##..#
#...........# #..#
##...........# #..##
##.<..........# #...#
##.............# ##..#
#....F........# #..#
#....@.......# #...
#....5....#### #...
#.........## #...
#..........#### ##..
#.............######.#
##(.................##
##........########..#
#.......## ##.#
#.......# #.#


You could see Prince Ribbit and a lemure.

Vanquished Creatures
  Menkaure (D:4)
  Duvessa (D:4)
  An ogre (D:5)
  Blork the orc (D:4)
  Dowan (D:4)
  A centaur zombie (D:5)
  2 hounds
  A jelly (D:5)
  2 orc priests
  An orc wizard (D:5)
  Ijyb (D:4)
  4 iguanas
  Natasha (thrice) (D:3)
  4 gnolls (D:5)
  5 adders
  A shadow imp (D:5)
  2 white imps (D:5)
  An adder skeleton (D:2)
  A dart slug (D:2)
  6 orcs (D:5)
  13 endoplasms
  2 giant cockroaches
  9 goblins
  10 hobgoblins
  3 jackals (D:2)
  A quokka (D:5)
  10 ball pythons
  6 bats
  3 frilled lizards
  8 kobolds
  A quokka skeleton (D:4)
  4 rats
110 creatures vanquished.

Notes
Turn   | Place    | Note
-------+----------+-------------------------------------------
     0 | D:1      | pkoi the Deep Elf Ice Elementalist began the quest for the
                  | Orb.
     0 | D:1      | Reached XP level 1. HP: 10/10 MP: 6/6
   345 | D:1      | Reached XP level 2. HP: 12/15 MP: 6/8
   513 | D:1      | Reached skill level 5 in Ice Magic
  1029 | D:1      | Found Goesoow's Antique Armour Shop.
  1357 | D:2      | Reached XP level 3. HP: 14/19 MP: 5/9
  1525 | D:2      | Learned a level 3 spell: Frozen Ramparts
  1529 | D:2      | Learned a level 3 spell: Ozocubu's Armour
  1580 | D:2      | Found a radiant altar of Vehumet.
  1982 | D:2      | Became a worshipper of Vehumet
  3250 | D:2      | Reached skill level 6 in Ice Magic
  3250 | D:2      | Reached XP level 4. HP: 19/24 MP: 6/11
  3631 | D:3      | Found a runed translucent gate.
  3631 | D:3      | Found a runed translucent gate.
  3631 | D:3      | Found a runed translucent gate.
  3999 | D:3      | Learned a level 4 spell: Hailstorm
  4002 | D:3      | Noticed Natasha
  4008 | D:3      | Killed Natasha
  4009 | D:3      | Reached XP level 5. HP: 26/28 MP: 8/13
  4051 | D:3      | Reached * piety under Vehumet
  4051 | D:3      | Offered knowledge of Sandblast by Vehumet.
  4125 | D:3      | Found an opulent altar of Gozag.
  4129 | D:3      | Noticed fknight's ghost (amateur HOMo)
  4169 | D:3      | Found a faded altar of an unknown god.
  4365 | D:3      | Noticed Natasha
  4368 | D:3      | Killed Natasha
  4450 | D:3      | Noticed Natasha
  4457 | D:3      | Killed Natasha
  4458 | D:3      | Reached skill level 1 in Conjurations
  4929 | D:4      | Noticed Blork the orc
  4933 | D:4      | Gained mutation: You possess an exceptional clarity of
                  | mind. [potion of mutation]
  4933 | D:4      | Gained mutation: You sometimes lose the ability to read
                  | scrolls when taking damage. [potion of mutation]
  4933 | D:4      | Gained mutation: Potions are less effective at restoring
                  | your health. [potion of mutation]
  4942 | D:4      | Reached skill level 7 in Ice Magic
  4946 | D:4      | Killed Blork the orc
  4947 | D:4      | Reached XP level 6. HP: 16/32 MP: 9/15
  5232 | D:4      | Noticed Menkaure
  5243 | D:4      | Killed Menkaure
  5244 | D:4      | Reached skill level 5 in Spellcasting
  5618 | D:4      | Noticed Ijyb
  5651 | D:4      | Killed Ijyb
  5863 | D:4      | Reached XP level 7. HP: 26/36 MP: 13/17
  6293 | D:4      | Noticed Duvessa
  6293 | D:4      | Noticed Dowan
  6299 | D:4      | Killed Duvessa
  6300 | D:4      | Reached skill level 8 in Ice Magic
  6301 | D:4      | Killed Dowan
  6777 | D:5      | Entered Level 5 of the Dungeon
  8943 | D:5      | Found a sparkling altar of Nemelex Xobeh.
  8974 | D:5      | Reached ** piety under Vehumet
  8974 | D:5      | Offered knowledge of Poisonous Vapours by Vehumet.
  9679 | D:6      | Found a transporter.
  9679 | D:6      | Noticed a gargoyle
  9679 | D:6      | Noticed a yak
  9680 | D:6      | Found a burning altar of Makhleb.
  9680 | D:6      | Noticed a troll
  9963 | D:6      | Found a staircase to the Ecumenical Temple.
  9979 | D:6      | Reached skill level 9 in Ice Magic
  9979 | D:6      | Reached XP level 8. HP: 25/41 MP: 15/19
 10153 | D:6      | Noticed Prince Ribbit
 10247 | D:6      | Slain by Prince Ribbit

Illustrated notes

Levels and vault maps discovered:
D:1:      arrival_zaba_pyramid, layout_basic, serial_shops, nicolae_shop_stone,
          roderic_roman_lattice
D:2:      layout_basic, basic_altar, kennysheep_generic_room_8
D:3:      layout_basic, ebering_ghost_gozag, basic_ecumenical_altar,
          st_stairs_5, uniq_natasha
D:4:      layout_basic, uniq_menkaure, uniq_duvessa, uniq_ijyb,
          uniq_blork_the_orc
D:5:      layout_basic, nemelex_xobeh_ov_fountains_minmay,
          minmay_misc_feat_roman
D:6:      layout_cave_pods, lemuel_round_altar, gammafunk_temple_overflow_arena,
          minmay_temple_entry_proselytizer, uniq_maggie, uniq_pikel,
          uniq_prince_ribbit1

Skill      XL: |  1  2  3  4  5  6  7 |
---------------+----------------------+-----
Ice Magic      | 5 6 7 9 |  9.0
Spellcasting   | 4 5 6 |  6.6
Conjurations   | 1 2 4 |  4.0
Dodging        | |  2.4
Stealth        | |  2.4

Action                   |  1- 3 |  4- 6 |  7- 9 || total
-------------------------+-------+-------+-------++-------
Melee: Whip              |    48 |    37 |    15 ||   100
       Club              |     2 |       |       ||     2
       Unarmed           |     1 |       |       ||     1
       Punch             |       |     1 |       ||     1
       Trident           |       |       |    20 ||    20
       Spear             |       |       |    12 ||    12
 Cast: Freeze            |    56 |    43 |     2 ||   101
       Frozen Ramparts   |     1 |     4 |    11 ||    16
       Hailstorm         |       |     1 |     3 ||     4
Evoke: Wand              |       |       |     2 ||     2
  Use: Potion            |     5 |     2 |     3 ||    10
       Scroll            |     1 |     4 |     4 ||     9
 Stab: Sleeping          |     4 |     1 |     1 ||     6
Armor: Robe              |    20 |    10 |    18 ||    48
Dodge: Dodged            |    78 |    43 |    33 ||   154
